 Dungeon Crawl Stone Soup version 0.24-a0-545-gd1b266bae6 (webtiles) character file.

Game seed: 8521782781433584289

11089 Gargoyl the Protected (level 11, -4/91 HPs)
             Began as a Centaur Abyssal Knight on Aug 18, 2019.
             Was an Elder of Lugonu.
             Slain by a torpor snail (14 damage)
             ... on level 1 of the Lair of Beasts.
             The game lasted 00:19:51 (13749 turns).

Gargoyl the Protected (Centaur Abyssal Knight)     Turns: 13749, Time: 00:19:52

Health: -4/91      AC: 17    Str: 18    XL:     11   Next: 44%
Magic:  21/25      EV:  5    Int: 16    God:    Lugonu [****..]
Gold:   477        SH:  4    Dex: 11    Spells: 10/10 levels left

rFire    . . .     SeeInvis +   a - +2 hand axe
rCold    . . .     Gourm    .   q - +0 buckler
rNeg     + . .     Faith    .   t - +0 plate armour
rPois    +         Spirit   .   j - +0 helmet
rElec    .         Reflect  .   x - +0 cloak
rCorr    .         Harm     .   h - +1 pair of gloves
MR       .....                  (no barding)
Stlth    ..........             v - amulet "Xipseiso" {+Rage Int+5 SInv}
HPRegen  0.25/turn              d - ring of Beaga {rPois MP+9 Str+2 Slay+3}
MPRegen  0.19/turn              g - ring of positive energy

@: slowed
A: large, hooves 3, deformed body, speed 2, tough skin 3
a: Depart the Abyss, Bend Space, Banish, Corrupt, Renounce Religion, Evoke
Berserk Rage


You were on level 1 of the Lair of Beasts.
You worshipped Lugonu.
Lugonu was greatly pleased with you.
You were not hungry.

You visited 2 branches of the dungeon, and saw 12 of its levels.
You visited the Abyss 1 time.
You also visited: Sewer.

You collected 522 gold pieces.
You spent 45 gold pieces at shops.

Inventory:

Hand Weapons
 a - a +2 hand axe (weapon)
 s - a +0 flail
Missiles
 l - 29 boomerangs (quivered)
 A - 8 javelins
Armour
 h - a +1 pair of gloves (worn)
 j - a +0 helmet (worn)
 q - a +0 buckler (worn)
 t - a +0 plate armour (worn)
 x - a +0 cloak (worn)
Jewellery
 d - the ring of Beaga (left hand) {rPois MP+9 Str+2 Slay+3}
   (You found it on level 3 of the Abyss)

   [ring of magical power]

   It affects your strength (+2).
   It affects your accuracy and damage with ranged weapons and melee attacks
   (+3).
   It protects you from poison.
   It affects your magic capacity (+9).
 g - a ring of positive energy (right hand)
 k - an uncursed ring of protection from fire
 m - an uncursed ring of resist corrosion
 v - the amulet "Xipseiso" (around neck) {+Rage Int+5 SInv}
   (You found it on level 9 of the Dungeon)

   [amulet of rage]

   It affects your intelligence (+5).
   It lets you see invisible.
   It lets you go berserk.
Wands
 n - a wand of clouds (6)
 o - a wand of disintegration (11)
 w - a wand of acid (10)
 z - a wand of random effects (10)
Scrolls
 b - 5 scrolls of identify
 e - a scroll of blinking
 f - 4 scrolls of teleportation
 i - 4 scrolls of remove curse
 p - 4 scrolls of magic mapping
Potions
 r - a potion of flight
Comestibles
 c - 20 rations


   Skills:
 + Level 6.6 Fighting
 + Level 8.3 Axes
 + Level 1.0 Throwing
 * Level 8.9 Armour
 * Level 4.7 Dodging
 + Level 2.0 Shields
 * Level 7.5 Invocations


You had 10 spell levels left.
You didn't know any spells.
Your spell library contained the following spells:

 Spells                   Type           Power        Failure   Level  Hunger
 Magic Dart               Conj           #...         100%        1    ##.....
 Sting                    Conj/Pois      #...         100%        1    ##.....
 Searing Ray              Conj           #.....       100%        2    ###....
 Dazzling Spray           Conj/Hex       #.....       100%        3    ####...
 Force Lance              Conj/Tloc      #.......     100%        4    #####..
 Fulminant Prism          Conj/Hex       #.........   100%        4    #####..
 Iskenderun's Mystic Bla  Conj           #.......     100%        4    #####..


Dungeon Overview and Level Annotations

Branches:
Dungeon (10/15)            Temple (0/1) D:7            Lair (2/6) D:8
  Swamp: Lair:2-4    Shoals: Lair:2-4     Snake: Lair:2-4    Spider: Lair:2-4
    Orc: D:9-12

Altars:
Ashenzari
Dithmenos
Hepliaklqana
Kikubaaqudgha
Makhleb
Sif Muna
Uskayaw
Xom
Yredelemnul
Zin

Shops:
D:5 %   D:8 :   D:9 !


Innate Abilities, Weirdness & Mutations

You have hooves in place of feet.
Armour fits poorly on your strangely shaped body.
You cover ground very quickly.
You have extremely tough skin. (AC +3)


Message History

The spiny frog stings you!
* * * LOW HITPOINT WARNING * * *
You hit the spiny frog. You kick the spiny frog.
The spiny frog is almost dead.
You hit the torpor snail.
The spiny frog stings you but does no damage.
You block the torpor snail's attack. You block the spiny frog's attack.
Unknown command.
Okay, then.
Press: ? - help, Shift-Dir - straight line, f - spiny frog
Aim: a spiny frog (almost dead, chance to defeat MR: 85%)
The spiny frog is devoured by a tear in reality.
Lugonu claims a new guest.
You are starving!
You can no longer gate yourself to the Abyss.
The torpor snail completely misses you.
The torpor snail bites you but does no damage.
You eat one of the 21 rations.
That ration really hit the spot!
The torpor snail bites you!
You die...

.#.##.# ##.##'## ######'###
##.##.# ###..# ##.## #...## ###
##'#### #...# ##...# #.###.....##
###.### ###.#+#####..'......#
##..'#.## ......#.# #.#P.....##
#........
###.#...###.##.....######........
..#.#...##..##§§...##...'........
..#.##..'...##§§@..'...##........
#.......###P##.w...##P####'######
#P.+#.### #####'P###### #.#
###.....# #.## #.### #####.#'##
##.## #...## .........# #...#
##...### .........# ##..#
####...# .........# #.#+#######
#.###P'# .........# #...#.....#
#.......


You could see a torpor snail.

Vanquished Creatures
  Pikel (D:4)
  2 spiny frogs (Lair:1)
  2 komodo dragons (Lair:1)
  2 hippogriffs
  A spriggan (D:7)
  14 yaks
  A hungry ghost (D:8)
  2 orc warriors
  3 water moccasins (Lair:1)
  A sky beast (D:5)
  2 ice beasts (D:6)
  4 slaves (D:4)
  2 phantoms
  11 wolves (Lair:1)
  5 centaurs
  4 ogres
  4 crocodiles
  2 big kobolds (D:9)
  11 bullfrogs
  2 scorpions
  8 killer bees
  3 wights (D:7)
  3 howler monkeys
  3 bullfrog zombies
  A crimson imp (D:5)
  A quasit (D:6)
  3 hounds
  A jelly (D:6)
  2 bullfrog skeletons
  3 orc priests
  11 orc wizards
  2 iguanas
  5 worker ants
  11 gnolls
  7 adders
  2 shadow imps
  10 oozes
  2 adder skeletons
  6 worms
  3 dart slugs
  14 leopard geckos
  25 orcs
  15 ball pythons
  9 bats
  18 giant cockroaches
  7 goblins
  6 hobgoblins
  2 jackals (D:2)
  4 quokkas
  13 frilled lizards
  A jackal skeleton (D:4)
  13 kobolds
  A leopard gecko skeleton (D:5)
  A leopard gecko zombie (D:6)
  A quokka skeleton (D:4)
  8 rats
  A plant (Lair:1)
302 creatures vanquished.

Vanquished Creatures (others)
  2 hydras (Lair:1)
  A black mamba (Lair:1)
  A spiny frog (Lair:1)
  A fungus (Lair:1)
  A plant (Lair:1)
6 creatures vanquished.

Grand Total: 308 creatures vanquished

Notes
Turn   | Place    | Note
-------+----------+-------------------------------------------
     0 | Abyss:1  | Gargoyl the Centaur Abyssal Knight began the quest for the
                  | Orb.
     0 | Abyss:1  | Reached XP level 1. HP: 19/19 MP: 2/2
    48 | Abyss:1  | Noticed a starcursed mass
    60 | Abyss:1  | Noticed an ancient zyme
   101 | Abyss:3  | Got a scintillating marble ring
   110 | Abyss:3  | Noticed a neqoxec
   111 | D:1      | Escaped the Abyss
   122 | D:1      | Identified the ring of Beaga {rPois MP+9 Str+2 Slay+3} (You
                  | found it on level 3 of the Abyss)
   314 | D:1      | Reached * piety under Lugonu
   403 | D:1      | Reached XP level 2. HP: 26/26 MP: 3/3
  1098 | D:2      | Reached XP level 3. HP: 29/33 MP: 4/4
  1385 | D:2      | Reached XP level 4. HP: 39/40 MP: 5/5
  1545 | D:2      | Found a hazy altar of Hepliaklqana.
  1766 | D:3      | Reached skill level 1 in Dodging
  1822 | D:3      | Reached ** piety under Lugonu
  1879 | D:3      | Reached XP level 5. HP: 42/46 MP: 6/6
  2130 | D:3      | Found a burning altar of Makhleb.
  2135 | D:3      | Found a glowing silver altar of Zin.
  2135 | D:3      | Noticed an angel
  2143 | D:3      | Noticed a balrug
  2347 | D:3      | Found a shimmering blue altar of Sif Muna.
  2376 | D:3      | Identified Sif Muna's Volume of Attacks
  2834 | D:4      | Noticed a slave
  2834 | D:4      | Noticed a slave
  2834 | D:4      | Noticed a slave
  2838 | D:4      | Noticed a slave
  2845 | D:4      | Killed a slave
  2849 | D:4      | Killed a slave
  2858 | D:4      | Killed a slave
  2863 | D:4      | Killed a slave
  3008 | D:4      | Noticed Pikel
  3012 | D:4      | Reached XP level 6. HP: 52/53 MP: 8/8
  3028 | D:4      | Killed Pikel
  3028 | D:4      | Reached XP level 7. HP: 26/60 MP: 9/9
  3057 | D:4      | Found a glowing drain.
  3068 | Sewer    | Entered a sewer
  3297 | Sewer    | Reached *** piety under Lugonu
  3482 | Sewer    | Reached **** piety under Lugonu
  3488 | Sewer    | Reached XP level 8. HP: 42/67 MP: 10/10
  4091 | D:4      | Reached skill level 5 in Axes
  4106 | D:4      | Reached skill level 5 in Fighting
  4325 | D:5      | Entered Level 5 of the Dungeon
  4895 | D:5      | Reached skill level 5 in Armour
  4970 | D:5      | Found a basalt altar of Yredelemnul.
  5227 | D:5      | Found Kuacsi's Food Shoppe.
  5431 | D:6      | Reached XP level 9. HP: 72/74 MP: 12/12
  5600 | D:6      | Reached skill level 5 in Invocations
  6221 | D:7      | Found a staircase to the Ecumenical Temple.
  6514 | D:7      | Reached ***** piety under Lugonu
  6593 | D:7      | Found a hide-covered altar of Uskayaw.
  6596 | D:7      | Found a basalt altar of Yredelemnul.
  6599 | D:7      | Found an ancient bone altar of Kikubaaqudgha.
  6650 | D:7      | Found a shattered altar of Ashenzari.
  7070 | D:8      | Found a staircase to the Lair.
  7087 | D:8      | Found Quhaqees's Book Emporium.
  7607 | D:9      | Found a shimmering altar of Xom.
  7632 | D:8      | Reached XP level 10. HP: 21/83 MP: 14/14
  8902 | D:9      | Reached skill level 1 in Shields
  9120 | D:9      | Found a shadowy altar of Dithmenos.
  9240 | D:9      | Got a transparent amethyst amulet
  9485 | D:9      | Found Syiteet's Distillery.
  9530 | D:9      | Bought a potion of curing for 45 gold pieces
  9914 | D:10     | Entered Level 10 of the Dungeon
  9968 | Lair:1   | Entered Level 1 of the Lair of Beasts
 10071 | Lair:1   | Identified the amulet "Xipseiso" {+Rage Int+5 SInv} (You
                  | found it on level 9 of the Dungeon)
 10664 | Lair:1   | HP: 4/83 [komodo dragon (26)]
 11049 | Lair:1   | Noticed a spiny frog
 11057 | Lair:1   | Killed a spiny frog
 11307 | Lair:1   | Reached XP level 11. HP: 35/89 MP: 16/16
 11850 | Lair:1   | Reached skill level 1 in Throwing
 12159 | Lair:1   | Noticed a four-headed hydra
 12160 | Lair:1   | Banished a four-headed hydra
 12241 | Lair:1   | Noticed a seven-headed hydra
 12246 | Lair:1   | Banished a seven-headed hydra
 13749 | Lair:1   | Slain by a torpor snail

Levels and vault maps discovered:
D:1:      dpeg_arrival_castle, layout_basic, minmay_tree_intersection,
          kennysheep_doodads
D:2:      layout_rooms, nicolae_overflow_crystal_walls
D:3:      layout_loops_ring, grunt_temple_overflow_order_and_chaos_2,
          led_sif_book, first_ration, feat_on_display
D:4:      layout_loops_ring, cheibrodos_sewer_entry_bend,
          kennysheep_generic_room_15, uniq_pikel
D:5:      layout_rooms, serial_shops, shop, basic_altar
D:6:      layout_basic
D:7:      layout_cave_pools, ashenzari_altar_1, grunt_temple_overflow_diamond,
          minmay_temple_entry_overgrown, serial_column_ruins, column_ruins_hut,
          column_ruins_hut_water, column_ruins_open_medium, column_ruins_grid_3,
          column_ruins_corridor_straight, column_ruins_columns_straight,
          the_bakery
D:8:      layout_rooms, lair_entry_dummy, serial_shops, shop
D:9:      layout_basic, old_standard_altar, basic_altar, serial_shops,
          nicolae_shop_statue_plus
D:10:     lemuel_upstairs_altar, layout_rooms, basic_altar, eino_jars
Lair:1:   layout_roguey, beast_lair_carwin_9
Lair:2:   layout_roguey, minmay_shoals_entry_centaurs, guppyfry_lair_drakes,
          lemuel_fruit_fields

Skill      XL: |  1  2  3  4  5  6  7  8  9 10 11 |
---------------+----------------------------------+-----
Axes           | 2 3 4 5 6 7 8 |  8.3
Fighting       | 4 5 6 |  6.6
Armour         | 2 3 4 5 7 8 |  8.9
Dodging        | 1 2 3 4 |  4.7
Invocations    | 3 4 5 6 7 |  7.5
Shields        | 1 2 |  2.0
Throwing       | 1 |  1.0

Action                   |  1- 3 |  4- 6 |  7- 9 | 10-12 || total
-------------------------+-------+-------+-------+-------++-------
Melee: Hand axe          |    59 |   151 |   376 |   403 ||   989
       Kick              |     7 |    32 |    84 |   118 ||   241
Throw: Boomerang         |       |       |       |     7 ||     7
Invok: Depart the Abyss  |     1 |       |       |       ||     1
       Banish            |       |       |       |     6 ||     6
  Use: Scroll            |       |     9 |     8 |     4 ||    21
       Potion            |       |     1 |     1 |     2 ||     4
  Eat: Chunk             |     1 |     4 |    10 |    14 ||    29
       Ration            |       |       |     2 |     2 ||     4
Armor: Chain mail        |    58 |   104 |   192 |       ||   354
       Plate armour      |       |       |   106 |   264 ||   370
       Skin              |       |       |       |    18 ||    18
Dodge: Dodged            |    15 |    44 |   105 |    87 ||   251
Block: Buckler           |       |       |    24 |    64 ||    88

Table legend:
 A = Non-vault XP
 B = Vault XP
 C = Vault XP percentage of total XP
 D = Non-vault monster count
 E = Vault monster count
 F = Vault count percentage of total count
                 A         B        C        D         E       F
            +---------+---------+-------+---------+---------+-------
      Total |   12553 |    3289 |  20.8 |     225 |      76 |  25.2
            +---------+---------+-------+---------+---------+-------
        D:1 |      23 |       0 |   0.0 |      14 |       0 |   0.0
        D:2 |     106 |       0 |   0.0 |      29 |       0 |   0.0
        D:3 |     119 |      79 |  39.9 |      24 |       2 |   7.7
        D:4 |     406 |     664 |  62.1 |      24 |       4 |  14.3
        D:5 |     978 |       0 |   0.0 |      18 |       0 |   0.0
        D:6 |    1084 |       0 |   0.0 |      19 |       0 |   0.0
        D:7 |     556 |     256 |  31.5 |      10 |       2 |  16.7
        D:8 |    1017 |       0 |   0.0 |      17 |       0 |   0.0
        D:9 |    2067 |       0 |   0.0 |      39 |       0 |   0.0
     Lair:1 |    5991 |    1623 |  21.3 |      29 |       9 |  23.7
     Lair:2 |     206 |     330 |  61.6 |       2 |       3 |  60.0
      Sewer |       0 |     337 | 100.0 |       0 |      56 | 100.0
            +---------+---------+-------+---------+---------+-------
